AoeStats
← TardySanguine

Hideout

507033535Analyzed
1v1 RM · 17d ago on Sep 16, 2026· 49m 7s· 2 players
Game mode
Random Map
Map size
Tiny (2 player)
Population
200
Speed
Normal
Resources
Standard
Victory
Conquest
Starting age
Dark Age
Ending age
Imperial Age
RankedLock teamsTeams togetherTeam positionsShared explorationLock speedFull tech treeHidden civsTurbo modeCheats
Victory
Defeat
🇦🇺 Portuguese · Australia
463
+15
🇬🇧 Romans · United Kingdom
439
-15
Chritchlow
0:44 Loom
10:37 Feudal Age
11:07 Double-Bit Axe
11:05 Horse Collar
12:45 Wheelbarrow
15:25 Man-at-Arms
22:17 Castle Age
20:25 Stone Mining
20:27 Gold Mining
23:12 Heavy Plow
23:25 Bow Saw
23:46 Hand Cart
23:12 Long Swordsman
26:32 Forging
33:55 Gold Shaft Mining
40:14 Imperial Age
38:07 Padded Archer Armor
37:58 Fletching
39:50 Crossbowman
41:43 Leather Archer Armor
41:30 Scale Mail Armor
41:36 Scale Barding Armor
41:52 Bodkin Arrow
45:59 Ballistas
TardySanguine
4:34 Loom
11:35 Feudal Age
12:06 Double-Bit Axe
19:52 Castle Age
22:29 Wheelbarrow
24:08 Horse Collar
29:26 Hand Cart
35:21 Imperial Age
32:40 Town Watch
35:38 Light Cavalry
36:19 Husbandry
36:29 Bloodlines
38:21 Stone Mining
39:01 Bow Saw
40:14 Chemistry
40:50 Scale Barding Armor
40:55 Forging
40:46 Scale Mail Armor
40:37 Fletching
40:50 Padded Archer Armor
42:23 Arquebus
41:52 Elite Skirmisher
42:00 Pikeman
45:09 Gambesons
45:10 Arson
45:40 Cavalier
46:57 Conscription
Connection lost

Rejoining the realm…

Still unreachable

The connection could not be restored.

Session expired

The server has moved on; the page needs a fresh start.